 Dungeon Crawl Stone Soup version 0.16.2-12-gd0ad4c3 (webtiles) character file.

117439 Kloppie the Warrior (level 16, -4/168 HPs)
             Began as a Gargoyle Berserker on Nov 1, 2015.
             Was the Champion of Trog.
             Slain by a black mamba (6 damage)
             ... on level 3 of the Snake Pit.
             The game lasted 01:17:43 (27354 turns).

Kloppie the Warrior (Gargoyle Berserker)           Turns: 27354, Time: 01:17:43

Health: -4/168     AC: 41    Str: 30    XL:     16   Next: 74%
Magic:  38/38      EV: 10    Int:  8    God:    Trog [******]
Gold:   2913       SH:  0    Dex: 14    Spells: 0 memorised, 15 levels left

rFire  . . .     SeeInvis +     a - +12 great mace "Blaffyh" {elec, rN+}
rCold  + . .     Clarity  .     T - +8 chain mail of the Gastropod {rC+ MP+9}
rNeg   + + .     SustAb   .     (no shield)
rPois  ∞         Gourm    .     r - +2 helmet {SInv}
rElec  +         Spirit   .     t - +0 cloak
rCorr  +         Warding  .     j - +1 pair of gloves
rMut   .         Stasis   .     (no boots)
MR     +....                    D - amulet of resist corrosion
Stlth  ..........               (no ring)
                                o - ring of invisibility

@: berserking, slowed, somewhat resistant to hostile enchantments, extremely
unstealthy
A: able to fly continuously, big wings, agile 1, negative energy resistance 1,
electricity resistance, unbreathing, petrification resistance, rot immunity,
MP-powered wands 1, AC +11
a: Fly, Burn Spellbooks, Berserk, Trog's Hand, Brothers in Arms, Renounce
Religion, Evoke Invisibility


You were on level 3 of the Snake Pit.
You worshipped Trog.
Trog was exalted by your worship.
You were very hungry.

You visited 5 branches of the dungeon, and saw 27 of its levels.
You also visited: Ossuary and Ice Cave.

You collected 3335 gold pieces.
You spent 422 gold pieces at shops.

Inventory:

Hand weapons
 a - the +12 great mace "Blaffyh" (weapon) {elec, rN+}
   (Trog gifted it to you on level 4 of the Orcish Mines)

   Occasionally, upon striking a foe, it will discharge some electrical energy
   and cause terrible harm.
   It protects you from negative energy.
 b - a +0 arbalest
 g - a +2 demon whip of electrocution
 l - the +1 dire flail of Sted Dirch {elec, rF+ rC+ rN+ Stlth-}
   (Trog gifted it to you on level 4 of the Lair of Beasts)

   Occasionally, upon striking a foe, it will discharge some electrical energy
   and cause terrible harm.
   It protects you from fire.
   It protects you from cold.
   It protects you from negative energy.
   It makes you less stealthy.
Missiles
 h - 46 bolts
 y - 16 silver bolts
 E - 5 poisoned tomahawks (quivered)
 Q - 10 bolts of flame
Armour
 j - a +1 pair of gloves (worn)
 r - a +2 helmet of see invisible (worn)
 t - a +0 cloak (worn)
 u - a +2 shield
 T - the +8 chain mail of the Gastropod (worn) {rC+ MP+9}
   (You found it on level 1 of the Lair of Beasts)

   It protects you from cold.
   It affects your magic capacity (+9).
Jewellery
 e - an uncursed ring of teleportation
 o - a ring of invisibility (left hand)
 v - the amulet "Muno" {+Rage rElec MR+}
   (You found it on level 7 of the Dungeon)

   [amulet of rage]

   It insulates you from electricity.
   It affects your resistance to hostile enchantments.
   It lets you go berserk.
 D - an amulet of resist corrosion (around neck)
 F - an uncursed amulet of warding {unknown}
 S - an uncursed ring of protection from fire {unknown}
Magical devices
 i - a wand of enslavement (6)
 z - a wand of invisibility (4)
 I - a wand of disintegration (11)
 L - a wand of disintegration (8)
Scrolls
 d - 3 scrolls of identify
 m - 2 scrolls of fear
 n - a scroll of fog
 p - 5 scrolls of remove curse
 w - 4 scrolls of teleportation
 C - a scroll of enchant weapon
 H - a scroll of blinking
 J - a scroll of holy word
 M - 2 scrolls of magic mapping
Potions
 q - 2 potions of brilliance {unknown}
 s - a potion of might
 x - 7 potions of curing
 A - 3 potions of restore abilities
 K - 5 potions of invisibility
 O - 2 potions of flight
 P - 4 potions of cancellation
 R - a potion of berserk rage {unknown}
Books
 G - a book of Annihilations {highlevel, unknown}

   This book is beyond your current level of understanding.

   Spells                             Type                      Level
   a - Poison Arrow                   Conjuration/Poison           6
   b - Chain Lightning                Conjuration/Air              8
   c - Lehudib's Crystal Spear        Conjuration/Earth            8
   d - Glaciate                       Conjuration/Ice              9
   e - Fire Storm                     Conjuration/Fire             9
   Trog disapproves of the use of such an item.
 N - a book of the Earth

   Spells                             Type                      Level
   a - Leda's Liquefaction            Hexes/Earth                  4
   b - Bolt of Magma                  Conjuration/Fire/Earth       5
   c - Statue Form                    Transmutation/Earth          6
   d - Iron Shot                      Conjuration/Earth            6
   e - Shatter                        Earth                        9
   Trog disapproves of the use of such an item.
Comestibles
 c - 15 bread rations
 f - 11 fruits
 k - a beef jerky
 B - a meat ration


   Skills:
 - Level 17.3 Fighting
 - Level 15.1 Maces & Flails
 + Level 16.0 Armour
 - Level 1.5 Dodging
 - Level 10.1 Evocations


You had 15 spell levels left.
You didn't know any spells.

Dungeon Overview and Level Annotations

Branches:
Dungeon (10/15)            Temple (1/1) D:5            Lair (8/8) D:10
 Shoals (0/5) Lair:4        Snake (4/5) Lair:3        Slime (0/6) Lair:7
    Orc (4/4) D:10            Elf (0/3) Orc:4

Altars:
Ashenzari
Cheibriados
Dithmenos
Elyvilon
Fedhas
Gozag
Kikubaaqudgha
Makhleb
Nemelex Xobeh
Okawaru
Qazlal
Ru
Sif Muna
Trog
Vehumet
Xom
Yredelemnul
Zin
The Shining One
Beogh
Jiyva

Shops:
Orc:1 %   Orc:2 [[   Orc:4 [%*(

Portals:
Trove: D:10 (give 12 scrolls of teleportation)


Innate Abilities, Weirdness & Mutations

You are resistant to torment.
You are immune to poison.
You can fly continuously.
Your stone body is very resilient (AC +11).
Your wings are large and strong.
You resist negative energy.
You are resistant to electric shocks.
You can survive without breathing.
You are immune to petrification.
You are immune to rotting.
You are agile. (Dex +2)
You expend magic power (3 MP) to slightly strengthen your wands.


Message History

You are feeling very hungry.
The black mamba bites you but does no damage.
The guardian serpent hits you.
* * * LOW HITPOINT WARNING * * *
The black mamba bites you but does no damage.
The guardian serpent hits you but does no damage.
The black mamba closely misses you.
The guardian serpent coils itself and waves its upper body at you.
The bolt of poison misses you.
You sock the guardian serpent!
The guardian serpent is moderately wounded.
The black mamba barely misses you. The guardian serpent hits you!
* * * LOW HITPOINT WARNING * * *
The black mamba barely misses you.
You sock the guardian serpent!
There is a sudden explosion of sparks!
The guardian serpent is severely wounded.
The guardian serpent hits you.
* * * LOW HITPOINT WARNING * * *
The black mamba bites you.
You die...

#......######
###########.#
#..<.....##.#
#.######.##.#
###.######.##.#
##.....#.[..##.#
##.8...8..#####.#
##....SS...## #.#
#)8..)@...8.####.######
#..........[.##.......#
#.#.8..)8.##.##.......#
#.##..[[.###.##.......#
#.###.)#####.##.......#
#............##.......#
#####........##.......#
#.................#
#..........#.#.....


You could see a guardian serpent and a black mamba.

Vanquished Creatures
  Asterion (Lair:3)
  Agnes (Snake:3)
  The ghost of Kloppie the Warrior, a mighty MiFi of Elyvilon (Snake:1)
  A greater naga (Snake:3)
  Gastronok (Lair:1)
  Snorg (Lair:6)
  8 naga warriors
  2 hydras
  A centaur warrior (D:10)
  Erica (Lair:4)
  4 anacondas
  2 death yaks
  4 orc high priests (Orc:4)
  2 naga sharpshooters
  7 shock serpents
  A salamander mystic (Snake:2)
  4 naga ritualists
  4 orc sorcerers
  An orc knight (Orc:3)
  3 mana vipers
  A guardian serpent (Snake:2)
  6 salamanders
  3 griffons
  4 elephants (Lair:6)
  A siren (Lair:4)
  Joseph (Orc:2)
  5 naga magi
  A torpor snail (Lair:8)
  19 black mambas
  A gargoyle (D:8)
  10 komodo dragons
  23 spiny frogs
  2 fire drakes
  3 giant leeches (Lair:8)
  A polar bear (Lair:3)
  A boulder beetle (Lair:6)
  32 blink frogs
  A two-headed ogre (Orc:3)
  3 basilisks
  8 hippogriffs
  A hungry ghost (D:9)
  3 wyverns
  5 wolves (Lair:5)
  22 nagas
  24 yaks
  11 vampire mosquitoes (Lair:8)
  3 wargs
  Edmund (D:7)
  23 water moccasins
  10 porcupines
  4 black bears
  6 phantoms
  12 ice beasts
  12 ogres
  3 sky beasts (D:7)
  3 boring beetles (Lair:8)
  30 orc warriors
  7 necrophages
  16 crocodiles
  A big kobold (D:8)
  Duvessa (D:4)
  5 centaurs
  A brain worm (Lair:7)
  Blork the orc (D:7)
  A wyvern zombie (D:9)
  33 giant frogs
  2 water moccasin zombies (Ossuary)
  A wyvern skeleton (D:8)
  4 scorpions
  7 killer bees
  7 wights
  4 electric eels (Lair:8)
  Dowan (D:4)
  36 orc priests
  A giant frog zombie (D:9)
  15 hounds
  8 jellies
  39 orc wizards
  2 centaur skeletons
  A quasit (D:6)
  2 giant frog skeletons
  5 iguanas
  6 worker ants
  5 big kobold zombies (Ossuary)
  28 sheep
  A killer bee zombie (D:9)
  3 mummies
  32 adders
  11 gnolls
  2 worker ant zombies
  3 giant mites
  61 river rats
  12 white imps (Lair:1)
  6 worms
  2 adder zombies (Ossuary)
  An adder skeleton (D:4)
  5 giant geckos
  2 oozes (Lair:7)
  207 orcs
  3 ball pythons
  13 bats
  A bat skeleton (D:5)
  2 bat zombies
  5 giant cockroaches
  3 gnoll zombies (Ossuary)
  21 goblins
  17 hobgoblins
  5 jackals
  14 quokkas
  2 giant gecko skeletons (D:7)
  6 giant newts
  2 giant spores (D:9)
  3 hobgoblin zombies
  16 kobolds
  11 kobold zombies
  5 orc zombies
  A quokka skeleton (D:8)
  17 rats
  4 ballistomycetes (D:9)
  A bush (D:9)
  2 fungi (Lair:8)
1091 creatures vanquished.

Vanquished Creatures (others)
  A bush (Lair:3)
  7 fungi
  8 plants
16 creatures vanquished.

Grand Total: 1107 creatures vanquished

Notes
Turn   | Place    | Note
--------------------------------------------------------------
     0 | D:1      | Kloppie, the Gargoyle Berserker, began the quest for the Orb.
     0 | D:1      | Reached XP level 1. HP: 14/14 MP: 1/1
   309 | D:1      | Reached XP level 2. HP: 19/19 MP: 2/2
   668 | D:2      | Reached skill level 4 in Fighting
   671 | D:2      | Acquired Trog's second power
   694 | D:2      | Reached XP level 3. HP: 24/24 MP: 3/3
   848 | D:2      | Reached XP level 4. HP: 21/30 MP: 4/4
  1630 | D:3      | Reached XP level 5. HP: 31/34 MP: 5/5
  1638 | D:3      | Found a stormy altar of Qazlal.
  1694 | D:3      | Reached skill level 5 in Fighting
  1737 | D:3      | Found a shadowy altar of Dithmenos.
  1994 | D:3      | Found an opulent altar of Gozag.
  2276 | D:4      | Reached skill level 5 in Maces & Flails
  2313 | D:4      | Reached XP level 6. HP: 37/40 MP: 6/6
  2633 | D:4      | Acquired Trog's third power
  2776 | D:4      | Noticed an ogre
  2817 | D:4      | Killed an ogre
  2817 | D:4      | Reached skill level 6 in Fighting
  2874 | D:4      | Noticed Duvessa
  2891 | D:4      | Killed Duvessa
  2891 | D:4      | Reached XP level 7. HP: 35/47 MP: 7/7
  2900 | D:4      | Noticed Dowan
  2905 | D:4      | Killed Dowan
  3326 | D:4      | Found a glowing golden altar of the Shining One.
  3379 | D:5      | Entered Level 5 of the Dungeon
  3571 | D:5      | Reached skill level 7 in Fighting
  3774 | D:5      | Found a sacrificial altar of Ru.
  3847 | D:5      | Received a gift from Trog
  4131 | D:5      | Reached XP level 8. HP: 40/54 MP: 8/8
  4229 | D:5      | Found a staircase to the Ecumenical Temple.
  4234 | Temple   | Entered the Ecumenical Temple
  4581 | D:6      | Reached skill level 8 in Fighting
  4610 | D:6      | Found a sand-covered staircase.
  4619 | Ossuary  | Entered an ossuary
  4862 | D:6      | Found an iron altar of Okawaru.
  4958 | D:6      | Reached skill level 9 in Fighting
  5200 | D:6      | Reached XP level 9. HP: 54/60 MP: 9/9
  5809 | D:7      | Noticed Blork the orc
  5827 | D:7      | Killed Blork the orc
  5864 | D:7      | Got an ancient iron amulet
  5865 | D:7      | Identified the amulet "Muno" {+Rage rElec MR+} (You found it on level 7 of the Dungeon)
  5879 | D:7      | Reached skill level 10 in Fighting
  5962 | D:7      | Found a shattered altar of Ashenzari.
  6319 | D:7      | Reached skill level 10 in Maces & Flails
  6550 | D:7      | Noticed Edmund
  6566 | D:7      | Killed Edmund
  6566 | D:7      | Reached XP level 10. HP: 57/68 MP: 10/10
  7197 | D:7      | Reached skill level 5 in Armour
  7348 | D:8      | Received a gift from Trog
  7418 | D:8      | Gained mutation: You are agile. (Dex +2) [potion of beneficial mutation]
  7483 | D:8      | HP: 4/102 [gargoyle/mace (4)]
  7484 | D:8      | Reached skill level 11 in Maces & Flails
  8905 | D:9      | Found a roughly hewn altar of Beogh.
  8968 | D:9      | Reached XP level 11. HP: 69/73 MP: 11/11
  9032 | D:9      | Reached skill level 12 in Maces & Flails
  9042 | D:9      | Received a gift from Trog
  9088 | D:9      | Found an opulent altar of Gozag.
  9274 | D:9      | Found a blossoming altar of Fedhas.
  9886 | D:10     | Entered Level 10 of the Dungeon
 10065 | D:10     | Found a staircase to the Lair.
 10196 | D:10     | Found a staircase to the Orcish Mines.
 10343 | D:10     | Received a gift from Trog
 10458 | D:10     | Noticed a centaur warrior
 10470 | D:10     | Killed a centaur warrior
 10470 | D:10     | Reached skill level 13 in Maces & Flails
 10470 | D:10     | Reached skill level 10 in Armour
 10478 | D:10     | Found a portal to a secret trove of treasure.
 10607 | Lair:1   | Entered Level 1 of the Lair of Beasts
 10688 | Lair:1   | Found a frozen archway.
 10763 | IceCv    | Entered an ice cave
 10912 | IceCv    | Noticed an ice statue
 10912 | IceCv    | Noticed an ice statue
 10984 | Lair:1   | Got a ruby-encrusted chain mail
 10985 | Lair:1   | Identified the +8 chain mail of the Gastropod {rC+ MP+9} (You found it on level 1 of the Lair of Beasts)
 11096 | Lair:1   | Reached XP level 12. HP: 80/80 MP: 7/12
 11145 | Lair:1   | Noticed Gastronok
 11201 | Lair:1   | Killed Gastronok
 11432 | Lair:1   | Noticed a six-headed hydra
 11444 | Lair:1   | Killed a six-headed hydra
 11973 | Lair:2   | Reached skill level 14 in Maces & Flails
 12152 | Lair:2   | Received a gift from Trog
 12803 | Lair:3   | Found a staircase to the Snake Pit.
 14214 | Lair:4   | Noticed Erica
 14220 | Lair:4   | Killed Erica
 14245 | Lair:4   | Reached XP level 13. HP: 77/88 MP: 7/13
 14310 | Lair:4   | Reached skill level 15 in Maces & Flails
 14486 | Lair:4   | Received a gift from Trog
 14492 | Lair:4   | Got a crystal dire flail {god gift}
 14500 | Lair:4   | Identified the +1 dire flail of Sted Dirch {elec, rF+ rC+ rN+ Stlth-} (Trog gifted it to you on level 4 of the Lair of Beasts)
 14677 | Lair:4   | Reached skill level 1 in Evocations
 14725 | Lair:4   | Found a staircase to the Shoals.
 15312 | Lair:5   | Received a gift from Trog
 15897 | Lair:6   | Noticed Snorg
 15912 | Lair:6   | Killed Snorg
 15912 | Lair:6   | Reached skill level 5 in Evocations
 17096 | Lair:7   | Received a gift from Trog
 17603 | Lair:7   | Found a runed door.
 17603 | Lair:7   | Found a viscous altar of Jiyva.
 17605 | Lair:7   | Found a staircase to the Slime Pits.
 17864 | Lair:7   | Gained mutation: Your wings are large and strong. [gargoyle growth]
 17864 | Lair:7   | Reached XP level 14. HP: 68/95 MP: 27/27
 18291 | Lair:1   | Reached XP level 15. HP: 100/100 MP: 28/28
 18336 | Orc:1    | Entered Level 1 of the Orcish Mines
 18337 | Orc:1    | Found Asiadae's Food Emporium.
 18741 | Orc:2    | Noticed Joseph
 18771 | Orc:2    | Received a gift from Trog
 18788 | Orc:2    | Killed Joseph
 18790 | Orc:2    | Reached skill level 10 in Evocations
 18813 | Orc:2    | Got a slimy great mace {god gift}
 18908 | Orc:2    | Found Oxtaus' Armour Emporium.
 18958 | Orc:2    | Bought a +2 helmet of see invisible for 236 gold pieces
 19165 | Orc:2    | Received a gift from Trog
 19247 | Orc:2    | Found Ivoinu Laam's Armour Emporium.
 19310 | Orc:2    | Identified the +7 great mace of Exchange {crush, rC+ Int+4} (Trog gifted it to you on level 2 of the Orcish Mines)
 19894 | Orc:3    | Received a gift from Trog
 20190 | Orc:4    | Entered Level 4 of the Orcish Mines
 20771 | Orc:4    | Gained mutation: You expend magic power (3 MP) to slightly strengthen your wands. [a neqoxec]
 20815 | Orc:4    | Received a gift from Trog
 21387 | Orc:4    | Found Loyrox's Assorted Antiques.
 21387 | Orc:4    | Found Bresm's Weapon Shoppe.
 21387 | Orc:4    | Found Placorgh's Food Emporium.
 21520 | Orc:4    | Found Ima Pnuh's Armour Emporium.
 21539 | Orc:4    | Reached skill level 15 in Fighting
 21576 | Orc:4    | Bought a scroll labeled OCUAHIH XEZEGG for 31 gold pieces
 21576 | Orc:4    | Bought a thick zirconium amulet for 155 gold pieces
 21715 | Orc:4    | Received a gift from Trog
 21716 | Orc:4    | Got a bone great mace {god gift}
 21717 | Orc:4    | Identified the +12 great mace "Blaffyh" {elec, rN+} (Trog gifted it to you on level 4 of the Orcish Mines)
 21736 | Orc:4    | Found a staircase to the Elven Halls.
 22112 | Lair:8   | Entered Level 8 of the Lair of Beasts
 22303 | Lair:7   | HP: 4/103 [death yak[a torpor snail] (17)]
 22508 | Lair:8   | Reached skill level 16 in Fighting
 22613 | Lair:8   | Received a gift from Trog
 22894 | Lair:8   | Got a scorched flail
 23396 | Lair:1   | Identified the +5 flail "Hobosa" {venom, rF- Int+2 Dex+7} (You found it on level 8 of the Lair of Beasts)
 23448 | Snake:1  | Entered Level 1 of the Snake Pit
 23469 | Snake:1  | Noticed Kloppie's ghost (mighty MiFi)
 23502 | Snake:1  | Killed Kloppie's ghost
 23502 | Snake:1  | Reached skill level 17 in Fighting
 23507 | Snake:1  | Noticed Asterion
 23515 | Snake:1  | Noticed a spectral weapon
 23519 | Lair:3   | Noticed a spectral weapon
 23766 | Lair:3   | Noticed a spectral weapon
 23770 | Lair:3   | Killed Asterion
 24031 | Snake:1  | Received a gift from Trog
 24208 | Snake:1  | Reached XP level 16. HP: 94/112 MP: 29/29
 26013 | Snake:2  | Received a gift from Trog
 26283 | Snake:3  | Reached skill level 15 in Armour
 26892 | Snake:3  | Noticed Agnes
 26905 | Snake:3  | Killed Agnes
 27349 | Snake:3  | HP: 1/112 [guardian serpent (6)]
 27354 | Snake:3  | HP: 2/168 [guardian serpent (6)]
 27354 | Snake:3  | Slain by a black mamba

Action                   |  1- 3 |  4- 6 |  7- 9 | 10-12 | 13-15 | 16-18 || total
-------------------------+-------+-------+-------+-------+-------+-------++-------
Melee: Mace              |    95 |   206 |       |       |       |       ||   301
       Flail             |       |    48 |   513 |       |       |       ||   561
       Dire flail        |       |       |    12 |   418 |   628 |       ||  1058
       Great mace        |       |       |       |   270 |   650 |   224 ||  1144
       Eveningstar       |       |       |       |   440 |    91 |       ||   531
       Demon whip        |       |       |       |       |     3 |   120 ||   123
 Fire: Blowgun           |       |     8 |       |       |       |       ||     8
Throw: Tomahawk          |       |       |       |     2 |       |       ||     2
Invok: Berserk           |       |     1 |     2 |     4 |     3 |     1 ||    11
       Trog's Hand       |       |       |       |     4 |     8 |       ||    12
  Use: Scroll            |       |       |    21 |     8 |     8 |       ||    37
       Potion            |       |       |       |     1 |     3 |     2 ||     6
  Eat: Chunk             |       |     8 |    11 |    30 |    25 |    10 ||    84
       Fruit             |       |       |     2 |       |     4 |       ||     6
       Beef jerky        |       |       |     1 |     1 |       |       ||     2
       Bread ration      |       |       |       |       |     2 |       ||     2
